 Dungeon Crawl Stone Soup version 0.29-a0-559-g359e09b9d1 (webtiles) character file.

Game seed: 4751743401724077559

74 kae the Firebug (level 4, -1/25 HPs)
             Began as a Deep Elf Fire Elementalist on June 9, 2022.
             Succumbed to a water moccasin's poison
             ... on level 5 of the Dungeon.
             The game lasted 00:01:43 (2574 turns).

kae the Firebug (Deep Elf Fire Elementalist)        Turns: 2574, Time: 00:01:43

Health: -1/25      AC:  9    Str:  5    XL:     4   Next: 9%
Magic:  11/11      EV: 12    Int: 22    God:
Gold:   121        SH:  0    Dex: 15    Spells: 4/10 levels left

rFire   + . .      SeeInvis .   e - +0 short sword
rCold   + . .      Faith    .   (no shield)
rNeg    . . .      Spirit   .   a - +0 robe
rPois   +          Reflect  .   l - +1 helmet
rElec   +          Harm     .   n - +0 cloak
rCorr   +          Rampage  .   (no gloves)
Will    .....                   (no boots)
Stlth   ++........              (no amulet)
HPRegen 0.08/turn               d - +4 ring of protection
MPRegen 0.12/turn               (no ring)

@: lethally poisoned (-1 -> -19), resistant, attractive, flying
A: no striking features
a: no special abilities


You were on level 5 of the Dungeon.
You visited 1 branch of the dungeon, and saw 4 of its levels.

You collected 121 gold pieces.

Inventory:

Hand Weapons
 e - a +0 short sword (weapon)
Armour
 a - a +0 robe (worn)
 l - a +1 helmet (worn)
 n - a +0 cloak (worn)
Jewellery
 d - a +4 ring of protection (left hand)
 m - a ring of protection from cold
Scrolls
 c - 3 scrolls of identify
Potions
 b - a potion of magic
 f - 3 potions of curing


   Skills:
 + Level 1.1 Fighting
 - Level 2.4 Dodging
 - Level 2.4 Stealth
 + Level 3.6 Spellcasting
 * Level 2.5 Conjurations
 * Level 4.1 Fire Magic


You had 4 spell levels left.
You knew the following spells:

 Your Spells              Type           Power      Damage    Failure   Level
a - Foxfire               Conj/Fire      72%        2x1d7     3%          1
b - Scorch                Fire           44%        2d7       3%          2
c - Conjure Flame         Conj/Fire      18%        6-21      9%          3

Your spell library contained the following spells:

 Spells                   Type           Power      Damage    Failure   Level
 Inner Flame              Hex/Fire       13%        N/A       16%         3
 Flame Wave               Conj/Fire      18%        2d6       28%         4
 Call Canine Familiar     Summ           3%         N/A       34%         3
 Portal Projectile        Hex/Tloc       6%         N/A       34%         3
 Leda's Liquefaction      Hex/Erth       1%         N/A       75%         4


Dungeon Overview and Level Annotations

Branches:
Dungeon (3/15)

Altars:
Zin

Shops:
D:1 *

Annotations:
D:5 Dowan, Duvessa


Message History

Found a dagger.
The orc hits you but does no damage. Dowan is attracted toward you.
The orc attacks as you move away! The orc closely misses you.
The orc wizard points at you and mumbles some strange words.
The puff of flame hits you. You resist.
* * * LOW HITPOINT WARNING * * *
The orc is attracted toward you.
The water moccasin is attracted toward you.
The orc attacks as you move away! The orc barely misses you.
The iguana attacks as you move away!
The iguana bites you but does no damage.
Found a stone staircase leading up.
The iguana hisses menacingly.
The orc is attracted toward you. The orc wizard casts a spell at you.
You resist with some effort.
The iguana hisses menacingly.
The iguana closely misses you.
Dowan says, "Stay away from my face!"
The orc attacks as you move away! The orc hits you but does no damage.
The orc wizard attacks as you move away!
The orc wizard hits you but does no damage.
The iguana bites you but does no damage.
The water moccasin closely misses you. Dowan hits you but does no damage.
The orc attacks as you move away! The orc completely misses you.
The water moccasin bites you but does no damage.
Duvessa, Sister of Dowan comes into view.
She is wielding a +0 short sword.
Dowan completely misses you. Duvessa is attracted toward you.
The orc wizard attacks as you move away!
The orc wizard closely misses you. The water moccasin misses you.
Dowan gestures wildly while chanting.
Dowan blinks!
The water moccasin misses you. Duvessa is attracted toward you.
The orc is attracted toward you. Dowan is attracted toward you.
The orc attacks as you move away! The orc barely misses you.
The water moccasin attacks as you move away!
The water moccasin bites you.
* * * LOW HITPOINT WARNING * * *
You are lethally poisoned!
The water moccasin poisons you!
You die...

.####. . ####.......
#.#.....##...##
.#.....#.....# ..
......##....# ...
...........## ....
#..<..# #..##
....##....#####...#
......>@..##.##...###
......e....#........#
......ooSe.........##
###§..ol§o§...§...##
#.#...§o.........##
..).........###..#
.................#
............#...##
.........##.#####


You could see Duvessa, a water moccasin, Dowan, an iguana, an orc wizard and 4
orcs.

Vanquished Creatures
  2 adders (D:2)
  A worm (D:2)
  A dart slug (D:1)
  3 bats
  8 endoplasms
  2 giant cockroaches (D:1)
  8 goblins
  A hobgoblin (D:3)
  4 jackals
  6 ball pythons (D:1)
  5 kobolds
  7 rats
48 creatures vanquished.

Vanquished Creatures (others)
  156 foxfires
156 creatures vanquished.

Grand Total: 204 creatures vanquished

Notes
Turn   | Place    | Note
-------+----------+-------------------------------------------
     0 | D:1      | kae the Deep Elf Fire Elementalist began the quest for the
                  | Orb.
     0 | D:1      | Reached XP level 1. HP: 10/10 MP: 6/6
   260 | D:1      | Reached XP level 2. HP: 15/15 MP: 6/8
   270 | D:1      | Learned a level 2 spell: Scorch
   771 | D:1      | Found Teegi's Assorted Antiques.
  1061 | D:1      | Reached XP level 3. HP: 20/20 MP: 3/9
  1065 | D:1      | Learned a level 3 spell: Conjure Flame
  1519 | D:2      | Identified the +9 short sword "Otsa" {vorpal, rCorr Str-4
                  | Int+3}
  1613 | D:2      | Reached skill level 4 in Fire Magic
  1652 | D:2      | Found a glowing silver altar of Zin.
  1737 | D:2      | Reached skill level 1 in Fighting
  2375 | D:3      | Reached XP level 4. HP: 25/25 MP: 9/11
  2536 | D:3      | You fall into a shaft and drop 2 floors!
  2536 | D:5      | Entered Level 5 of the Dungeon
  2540 | D:5      | Noticed Dowan
  2540 | D:5      | Noticed a water moccasin
  2572 | D:5      | Noticed Duvessa
  2574 | D:5      | Succumbed to a water moccasin's poison

Illustrated notes

Levels and vault maps discovered:
D:1:      spicycebolla_arrival_xxxplode, layout_basic, serial_shops,
          nicolae_shop_statue_plus, grunt_decor_mini_mirrors,
          minmay_fountain_box
D:2:      layout_basic, basic_altar
D:3:      layout_basic, shapermc_ecumenical_altar_mp_vishouse,
          minmay_door_square, uniq_jessica
D:5:      layout_cave_pools, uniq_duvessa

Skill      XL: |  1  2  3 |
---------------+----------+-----
Conjurations   | 2 |  2.5
Fire Magic     | 4 |  4.1
Fighting       | 1 |  1.1
Dodging        | |  2.4
Stealth        | |  2.4
Spellcasting   | |  3.6

Action                   |  1- 3 |  4- 6 || total
-------------------------+-------+-------++-------
Melee: Short sword       |       |     3 ||     3
 Cast: Foxfire           |    81 |     6 ||    87
       Scorch            |     4 |     3 ||     7
  Use: Scroll            |     1 |     2 ||     3
       Potion            |       |     3 ||     3
Armor: Robe              |    14 |    15 ||    29
Dodge: Dodged            |    22 |    24 ||    46

Table legend: (Time is in decaauts)
 A = Elapsed time spent in this place.
 B = Non-inter-level travel time spent in this place.
 C = Inter-level travel time spent in this place.
 D = Time resting spent in this place.
 E = Time spent auto-exploring this place.
 F = Levels seen in this place.
 G = Mean time per level.
                   A        B        C        D        E       F      G
               +--------+--------+--------+--------+--------+-----+--------+
         Total |   2572 |   2517 |     55 |     38 |   2123 |   4 |  643.0 |
       Dungeon |   2572 |   2517 |     55 |     38 |   2123 |   4 |  643.0 |
               +--------+--------+--------+--------+--------+-----+--------+

Top non-repeatable levels by time:
     D:1: 1486 daAuts
     D:2: 864 daAuts
     D:3: 183 daAuts
     D:5: 38 daAuts
